 Dungeon Crawl Stone Soup version 0.28.0-53-g5a82cb258f (webtiles) character file.

Game seed: 2274981791516506459

117 MiltankisOP the Skirmisher (level 5, 0/38 HPs)
             Began as an Octopode Monk on July 14, 2022.
             Slain by Menkaure (20 damage)
             ... on level 4 of the Dungeon.
             The game lasted 00:03:38 (2891 turns).

MiltankisOP the Skirmisher (Octopode Monk)          Turns: 2891, Time: 00:03:39

Health: 0/38       AC:  1    Str: 10    XL:     5   Next: 1%
Magic:  5/5        EV: 15    Int: 13    God:
Gold:   95         SH:  0    Dex: 16    Spells: 4/4 levels left

rFire   . . .      SeeInvis .     - Unarmed
rCold   . . .      Faith    .   (no shield)
rNeg    . . .      Spirit   .   (helmet restricted)
rPois   .          Reflect  .   (no amulet)
rElec   .          Harm     .   (no ring)
rCorr   .          Rampage  .   (no ring)
Will    .....                   (no ring)
Stlth   +++.......              (no ring)
HPRegen 0.12/turn               (no ring)
MPRegen 0.09/turn               (no ring)
                                (no ring)
                                (no ring)

@: hasted, very quick
A: almost no armour, amphibious, 8 rings, camouflage 1, gelatinous body 1,
(nimble swimmer 1), tentacles
a: no special abilities


You were on level 4 of the Dungeon.
You visited 1 branch of the dungeon, and saw 4 of its levels.

You collected 95 gold pieces.

Inventory:

Missiles
 q - a throwing net (quivered)
Scrolls
 b - 3 scrolls of identify {unknown}
 c - 2 scrolls of teleportation {unknown}
 d - a scroll of enchant armour {unknown}
 e - a scroll of amnesia {unknown}
 j - 2 scrolls of magic mapping {unknown}
 k - a scroll of enchant weapon {unknown}
 l - 2 scrolls of noise {unknown}
 n - a scroll of immolation {unknown}
Potions
 a - a potion of resistance {unknown}
 f - a potion of mutation {unknown}
 g - a potion of heal wounds {unknown}
 h - a potion of might {unknown}
 i - a potion of flight {unknown}
 m - a potion of haste
 o - a potion of degeneration {unknown}
 p - a potion of brilliance {unknown}


   Skills:
 + Level 4.4 Fighting
 + Level 4.4 Dodging
 - Level 2.7 Stealth
 - Level 3.0 Unarmed Combat


You had 4 spell levels left.
You didn't know any spells.
Your spell library contained the following spells:

 Spells                   Type           Power      Damage    Failure   Level
 Slow                     Hex            0%         N/A       30%         1
 Confusing Touch          Hex            0%         N/A       67%         3
 Vampiric Draining        Necr           0%         2d6       67%         3


Dungeon Overview and Level Annotations

Branches:
Dungeon (4/15)
 Temple: D:4-7

Altars:

Annotations:
D:4 Eustachio, Menkaure


Innate Abilities, Weirdness & Mutations

You cannot wear most types of armour.
You are amphibious.
You can wear up to eight rings at the same time.
Your skin changes colour to match your surroundings (Stealth+).
Your rubbery body absorbs attacks. (AC +1, EV +1)
((You are camouflaged when in or above water. (Stealth+)))
You have tentacles for arms and can constrict up to eight enemies at once.


Message History

You have reached level 5!
You feel clever.
You see here a hobgoblin corpse.
You now have 95 gold pieces (gained 7).
Found a stone staircase leading down.
There is a stone staircase leading down here.
A kobold comes into view. It is wielding a +0 whip.
The kobold shouts!
The kobold hits you with a +0 whip.
You tentacle-slap the kobold. You grab the kobold.
Your tentacle-slap misses the kobold.
You squeeze the kobold.
The kobold is heavily wounded.
You constrict the kobold, but do no damage.
The kobold barely misses you.
You tentacle-slap the kobold.
You kill the kobold!
No target in view!
No target in view!
No target in view!
No target in view!
Eustachio and a hobgoblin come into view.
Eustachio is wielding a +0 rapier and carrying a wand of flame (10).
Found a robe.
There are monsters nearby!
There are monsters nearby!
Found 27 arrows.
Found a quarterstaff.
Found 15 stones.
b - 3 scrolls labelled LIFESI JETYS (gained 1)
q - a throwing net Menkaure, Prince of Dust comes into view.
Menkaure shouts!
Menkaure calls on the powers of darkness!
Your body is wracked with pain!
You are too injured to fight recklessly!
Sorry, you're not good enough to have a special ability.
Okay, then.
It was a potion of haste.
You feel yourself speed up. Menkaure hits you!!
Ouch! That really hurt!
You die...

#.. #.# #.. #.#
#... #.# #...###
#.# .....# #.#
#.#.#####.#
#.........#
########.#######
###
......M@........
.g.
########.#######
###### #.#
.##.....
#.#######.####.##
#.#.......# #.##
#.#.......# #.##
#.#.......# #.##
.#.......####.##
#.......#..#.##


You could see Menkaure.

Vanquished Creatures
  A hound skeleton (D:4)
  Robin (D:4)
  An adder (D:1)
  A worm (D:3)
  2 dart slugs
  5 orcs (D:3)
  6 ball pythons
  3 bats
  3 endoplasms
  2 giant cockroaches
  10 goblins
  9 hobgoblins
  6 quokkas
  A frilled lizard (D:3)
  6 kobolds
  8 rats
65 creatures vanquished.

Notes
Turn   | Place    | Note
-------+----------+-------------------------------------------
     0 | D:1      | MiltankisOP the Octopode Monk began the quest for the Orb.
     0 | D:1      | Reached XP level 1. HP: 16/16 MP: 1/1
   243 | D:1      | Reached XP level 2. HP: 21/21 MP: 2/2
   722 | D:2      | Reached XP level 3. HP: 24/26 MP: 3/3
  1073 | D:2      | Noticed an ogre
  1298 | D:2      | You fall into a shaft and drop 2 floors!
  1305 | D:4      | Noticed Robin
  1333 | D:4      | Killed Robin
  1334 | D:4      | Reached XP level 4. HP: 18/33 MP: 4/4
  2176 | D:3      | Found a faded altar of an unknown god.
  2599 | D:4      | Reached XP level 5. HP: 34/38 MP: 5/5
  2703 | D:4      | Noticed Eustachio
  2889 | D:4      | Noticed Menkaure
  2891 | D:4      | Slain by Menkaure

Illustrated notes

Levels and vault maps discovered:
D:1:      minmay_arrival_wavy_path, layout_rooms
D:2:      layout_rooms
D:3:      layout_basic, shapermc_ecumenical_altar_venn, minmay_misc_feat_room,
          lemuel_another_geyser
D:4:      layout_basic, uniq_eustachio, uniq_robin, uniq_menkaure

Skill      XL: |  1  2  3 |
---------------+----------+-----
Fighting       | 4 |  4.4
Dodging        | 4 |  4.4
Stealth        | |  2.7
Unarmed Combat | |  3.0

Action                   |  1- 3 |  4- 6 || total
-------------------------+-------+-------++-------
Melee: Unarmed           |    86 |    51 ||   137
       Tentacles         |    17 |    14 ||    31
       Constrict         |    23 |    19 ||    42
       Punch             |     2 |     3 ||     5
  Use: Potion            |     2 |     1 ||     3
 Stab: Sleeping          |     8 |     7 ||    15
Armor: Skin              |    13 |     3 ||    16
Dodge: Dodged            |    69 |    21 ||    90
